 Dungeon Crawl Stone Soup version 0.25-a0-803-g58bd18402a (webtiles) character file.

Game seed: 2335747499263606752, levelgen mode: deterministic

65 BeastOfSaturn the Skirmisher (level 3, 0/29 HPs)
             Began as a Demonspawn Warper on Apr 19, 2020.
             Slain by a gnoll
             ... wielding a +0 halberd
              (3 damage)
             ... on level 2 of the Dungeon.
             The game lasted 00:04:49 (1831 turns).

BeastOfSaturn the Skirmisher (Demonspawn Warper)    Turns: 1831, Time: 00:04:49

Health: 0/29       AC: 10    Str: 12    XL:     3   Next: 94%
Magic:  6/6        EV:  3    Int: 14    God:
Gold:   84         SH:  0    Dex: 12    Spells: 2/6 levels left

rFire    . . .     SeeInvis .   a - +0 falchion
rCold    . . .     Gourm    .   (no shield)
rNeg     . . .     Faith    .   j - +0 plate armour (curse)
rPois    .         Spirit   .   (no helmet)
rElec    .         Reflect  .   (no cloak)
rCorr    .         Harm     .   (no gloves)
MR       .....                  (no boots)
Stlth    ..........             (no amulet)
HPRegen  0.09/turn              (no ring)
MPRegen  0.10/turn              (no ring)

@: no status effects
A: talons 1
a: no special abilities


You were on level 2 of the Dungeon.
You were not hungry.

You visited 1 branch of the dungeon, and saw 2 of its levels.

You collected 84 gold pieces.

Inventory:

Hand Weapons
 a - a +0 falchion (weapon)
Missiles
 e - 5 boomerangs of dispersal (quivered)
Armour
 b - a +0 leather armour
 j - a cursed +0 plate armour (worn)
 n - a +0 helmet
Scrolls
 d - a scroll of blinking
 g - a scroll of teleportation {unknown}
 k - a scroll of random uselessness {unknown}
 m - a scroll of enchant armour {unknown}
Potions
 c - a potion of haste {unknown}
 h - a potion of heal wounds {unknown}
 i - a potion of curing {unknown}
 l - a potion of lignification {unknown}
Comestibles
 f - 3 rations


   Skills:
 * Level 3.4 Fighting
 * Level 2.7 Long Blades
 - Level 0.8 Throwing
 * Level 1.2 Armour
 - Level 1.7 Dodging
 - Level 2.0 Spellcasting
 + Level 2.6 Translocations


You had 2 spell levels left.
You knew the following spells:

 Your Spells              Type           Power        Failure   Level  Hunger
a - Blink                 Tloc           N/A          100%        2    ###....
b - Shroud of Golubria    Chrm/Tloc      #.....       100%        2    ###....

Your spell library contained the following spells:

 Spells                   Type           Power        Failure   Level  Hunger
 Gell's Gravitas          Tloc           #.........   100%        3    ####...
 Lesser Beckoning         Tloc           #.........   100%        3    ####...
 Teleport Other           Tloc           #.......     100%        3    ####...
 Passage of Golubria      Tloc           N/A          100%        4    #####..


Dungeon Overview and Level Annotations

Branches:
Dungeon (2/15)

Altars:


Innate Abilities, Weirdness & Mutations

You have sharp toenails.


Message History

There is a stone staircase leading down here.
You climb downwards.
There is a stone staircase leading up here.
You see here a helmet.
n - a helmet You see here a ration.
There is a stone staircase leading up here.
There are monsters nearby!
The gnoll hits you with a +0 halberd!
Your plate armour prevents you from hitting the gnoll.
You claw the gnoll.
The gnoll is moderately wounded.
The gnoll hits you from afar with a +0 halberd.
The gnoll hits you with a +0 halberd!
* * * LOW HITPOINT WARNING * * *
The gnoll hits you from afar with a +0 halberd.
* * * LOW HITPOINT WARNING * * *
There is a stone staircase leading up, spattered with blood here.
The gnoll hits you from afar with a +0 halberd.
You die...

#.!........##..........#
#..........##..........#
#..........##..........#
...........##..........#
.....%.....##..........#
.......................#
......................>#
###.###.....>.g........#
#..###......g.@......#
##.#..........#..#####
...#..%.....#..#
..(##........#..#
.....##........#..#
.....###....$.....#
....% #..........# ....
#..........# ...
#gg........


You could see 2 gnolls.

Vanquished Creatures
  2 gnolls (D:1)
  An adder (D:2)
  2 dart slugs (D:1)
  2 leopard geckos (D:2)
  5 bats
  A giant cockroach (D:1)
  3 hobgoblins (D:1)
  7 kobolds
  2 frilled lizards
  4 goblins
  3 rats (D:1)
32 creatures vanquished.

Notes
Turn   | Place    | Note
-------+----------+-------------------------------------------
     0 | D:1      | BeastOfSaturn the Demonspawn Warper began the quest for the
                  | Orb.
     0 | D:1      | Reached XP level 1. HP: 16/16 MP: 3/3
   324 | D:1      | Gained mutation: You have sharp toenails. [demonic
                  | ancestry]
   324 | D:1      | Reached XP level 2. HP: 13/23 MP: 5/5
   831 | D:1      | Learned a level 2 spell: Blink
   834 | D:1      | Learned a level 2 spell: Shroud of Golubria
  1021 | D:2      | Reached skill level 3 in Fighting
  1021 | D:2      | Reached XP level 3. HP: 26/29 MP: 6/6
  1131 | D:2      | Reached skill level 1 in Armour
  1831 | D:2      | Slain by a gnoll

Levels and vault maps discovered:
D:1:      heliophobic_arrival_dark_side_of_the_moon, layout_loops_ring,
          minmay_ruptured
D:2:      layout_rooms, grunt_temple_overflow_diamond

Skill      XL: |  1  2  3 |
---------------+----------+-----
Long Blades    | 2 |  2.7
Fighting       | 3 |  3.4
Armour         | 1 |  1.2
Throwing       | |  0.8
Dodging        | |  1.7
Spellcasting   | |  2.0
Translocations | |  2.6

Action                   || total
-------------------------++-------
Melee: Falchion          ||   111
       Kick              ||    20
  Eat: Chunk             ||     2
       Ration            ||     1
Armor: Leather armour    ||    15
       Plate armour      ||    65
Dodge: Dodged            ||    47
       Rpst.: Falchion   ||    11

Table legend:
 A = Non-vault XP
 B = Vault XP
 C = Vault XP percentage of total XP
 D = Non-vault monster count
 E = Vault monster count
 F = Vault count percentage of total count
                 A         B        C        D         E       F
            +---------+---------+-------+---------+---------+-------
      Total |      91 |       3 |   3.2 |      30 |       2 |   6.2
            +---------+---------+-------+---------+---------+-------
        D:1 |      66 |       3 |   4.3 |      23 |       2 |   8.0
        D:2 |      25 |       0 |   0.0 |       7 |       0 |   0.0
            +---------+---------+-------+---------+---------+-------
